 Dungeon Crawl Stone Soup version 0.31-a0-833-gc15d34cb79 (webtiles) character file.

Game seed: 8936347752541644832

183 senseless the Ruffian (level 5, -9/44 HPs)
             Began as a Draconian Shapeshifter on Sept 25, 2023.
             Was a Follower of Uskayaw.
             Mangled by Crazy Yiuf
             ... wielding a +2 quarterstaff of chaos
              (19 damage)
             ... on level 3 of the Dungeon.
             The game lasted 00:04:05 (2764 turns).

senseless the Ruffian (Draconian Shapeshifter)      Turns: 2764, Time: 00:04:06

Health: -9/44      AC:  5    Str: 16    XL:     5   Next: 35%
Magic:  5/5        EV: 12    Int: 11    God:    Uskayaw [*.....]
Gold:   142        SH:  0    Dex: 12    Spells: 4/4 levels left

rFire   . .          .
                       - Unarmed
rCold   . . .        (no shield)
rNeg    . . .        (body armour unavailable)
rPois   .            (helmet currently unavailable)
rElec   .            (cloak currently unavailable)
rCorr   .            (gloves currently unavailable)
SInv    .            (boots currently unavailable)
Will    .....        (no amulet)
Stlth   +            (no ring)
HPRegen 0.27/turn    (no ring)
MPRegen 0.09/turn

%: no passive effects
@: beast-form
A: beast (slay +2), AC +5, unfitting armour, cold-blooded
a: Begin Untransformation, Renounce Religion, Stomp


You were on level 3 of the Dungeon.
You worshipped Uskayaw.
Uskayaw was noncommittal.
You were a hulking beast.
You visited 1 branch of the dungeon, and saw 3 of its levels.

You collected 142 gold pieces.

Inventory:

Talismans
 b - a beast talisman (active)
 c - a flux talisman
Scrolls
 d - 3 scrolls of revelation {unknown}
 e - a scroll of noise {unknown}
 f - a scroll of enchant armour {unknown}
 g - a scroll of immolation {unknown}
 h - 2 scrolls of fog {unknown}
 i - 3 scrolls of identify {unknown}
 k - a scroll of teleportation {unknown}
 l - 2 scrolls of blinking {unknown}
 p - a scroll of amnesia {unknown}
Potions
 a - 2 potions of lignification
 j - a potion of brilliance {unknown}
 m - a potion of haste {unknown}
 n - a potion of magic {unknown}
 o - a potion of berserk rage {unknown}


   Skills:
 + Level 2.9 Fighting
 + Level 2.9 Dodging
 + Level 4.0 Unarmed Combat
 + Level 3.8 Shapeshifting


You had 4 spell levels left.
You didn't know any spells.
Your spell library contained the following spells:

 Spells                   Type           Power      Damage    Failure   Level
 Apportation              Tloc           0%         N/A       34%         1
 Necrotise                Necr           0%         1d4       34%         1
 Summon Small Mammal      Summ           0%         N/A       34%         1
 Ozocubu's Armour         Ice            0%         N/A       71%         3
 Ozocubu's Refrigeration  Ice            0%         4d7       100%        7


Dungeon Overview and Level Annotations

Branches:
Dungeon (3/15)

Altars:
Elyvilon
Gozag
Uskayaw

Shops:
D:1 [

Annotations:
D:3 Crazy Yiuf


Innate Abilities, Weirdness & Mutations

You are a hulking beast.
Your limbs bulge with bestial killing power. (Slay +2)
Your plain brown scales are hard. (AC +5)
You cannot fit into any form of body armour.
You are cold-blooded and may be slowed by cold attacks.


Message History

Found an opulent altar of Gozag and a white marble altar of Elyvilon.
Found a spear.
p - a scroll labelled MEURHI AMPIX Search for what [Enter for "."]?
Okay, then.
You see here a +0 spear.
A bat comes into view.
Found a stone staircase leading up.
The helpless bat fails to defend itself.
You punch the bat!
You kill the bat!
No target in view!
No target in view!
No target in view!
No target in view!
No target in view!
No target in view!
No target in view!
You see here a +0 spear.
You see here a +0 hammer.
You see here a +0 hammer.
Crazy Yiuf shouts!
Crazy Yiuf says, "Castle hand hog!"
Could not explore, unopened runed door.
You open the door. You hit Crazy Yiuf.
Crazy Yiuf is lightly wounded.
Crazy Yiuf hits you with a +2 quarterstaff of chaos!
Crazy Yiuf draws strength from your wounds!
You hit Crazy Yiuf. You tail-slap Crazy Yiuf.
Crazy Yiuf is moderately wounded.
Crazy Yiuf laughs, "Snoogle tortoise green!"
Crazy Yiuf hits you with a +2 quarterstaff of chaos!
Crazy Yiuf freezes you.
You barely miss Crazy Yiuf.
Crazy Yiuf is moderately wounded.
Crazy Yiuf hits you with a +2 quarterstaff of chaos!
* * * LOW HITPOINT WARNING * * *
You are electrocuted!!
You die...

....##
###....#####.#.#.#.#.#
.....## #....#
#.#.#.#.#.#. ......#
♣....♣ ##.#.#.#.#)#
......###### ♣...♣♣
#.#.#.#.#.#.
...........# ♣♣)♣♣
##.#.#.#.#.#
......####.# ♣)♣♣
#.#.#.#.#.#. ....†.##
#.# ♣♣.♣ ##.#.#.#.#.#
#####..###.# ♣.♣♣
#.#.#.#.#.#.
#........#.# ♣♣h♣
##.#.#+#.#.#
#..........# #g#
#.#.#...#.#.
#.......##.# ..)
##.#.....#.#
#.......##.# #.).#
#.#.#...#.#.
#.......##.# #..)#
##.#+....#.#
#.......##.# #####
#.#.#...#.#.
#.......##.#
##.#.#.#.#.#
#..._8_.##.##
########...#.#.#.#.
#.......##..#
#.........#.#.#.#.#


You could see Crazy Yiuf.

Vanquished Creatures
  An orc wizard (D:3)
  3 gnolls (D:2)
  8 adders
  A worm (D:2)
  A dart slug (D:3)
  2 orcs (D:3)
  5 endoplasms
  A giant cockroach (D:3)
  3 goblins
  8 hobgoblins
  4 kobolds
  4 quokkas
  3 ball pythons
  3 bats (D:3)
  3 frilled lizards
  7 rats
57 creatures vanquished.

Notes
Turn   | Place    | Note
-------+----------+-------------------------------------------
     0 | D:1      | senseless the Draconian Shapeshifter began the quest for
                  | the Orb.
     0 | D:1      | Reached XP level 1. HP: 16/16 MP: 1/1
   425 | D:1      | Reached XP level 2. HP: 23/23 MP: 2/2
   526 | D:1      | Found Ruqadus's Antique Armour Emporium.
   643 | D:1      | Found a faded altar of an unknown god.
   661 | D:1      | Prayed at the altar of an unknown god.
   661 | D:1      | Became a worshipper of Uskayaw the Reveller
   661 | D:1      | Reached * piety under Uskayaw
   992 | D:2      | Reached ** piety under Uskayaw
  1006 | D:2      | Reached XP level 3. HP: 29/29 MP: 3/3
  1122 | D:2      | HP: 1/29 [gnoll/+0 halberd (10)]
  1122 | D:2      | Reached *** piety under Uskayaw
  1124 | D:2      | Reached **** piety under Uskayaw
  1269 | D:2      | Reached XP level 4. HP: 24/36 MP: 4/4
  1325 | D:2      | Identified the +1 robe of Metor {*Slow Str+5 Dex+3 Slay+2}
  2229 | D:3      | Reached XP level 5. HP: 21/42 MP: 5/5
  2493 | D:3      | Reached skill level 4 in Unarmed Combat
  2562 | D:3      | Found a runed translucent door.
  2563 | D:3      | Noticed Crazy Yiuf
  2601 | D:3      | Found an opulent altar of Gozag.
  2601 | D:3      | Found a white marble altar of Elyvilon.
  2764 | D:3      | Mangled by Crazy Yiuf

Illustrated notes

Levels and vault maps discovered:
D:1:      psy_arrival_spokes, layout_basic, serial_shops, shop,
          dilly_ecumenical_altar_fadedgnrine, serial_bayou_pond_e,
          amcnicky_mini_pool_small
D:2:      layout_basic, chequers_serial_rivers_micro_b
D:3:      layout_basic, chequers_temple_overflow_statue_of_worship,
          uniq_crazy_yiuf_cottage

Skill      XL: |  1  2  3  4  5 |
---------------+----------------+-----
Dodging        | 2 |  2.9
Fighting       | 2 |  2.9
Unarmed Combat | 4 |  4.0
Shapeshifting  | |  3.8

Action                     |  1- 3 |  4- 6 || total
---------------------------+-------+-------++-------
  Melee: Unarmed           |    74 |    84 ||   158
         Tailslap          |    10 |     9 ||    19
         Punch             |     2 |     1 ||     3
   Stab: Sleeping          |     2 |     1 ||     3
         Paralysed         |     1 |       ||     1
 Armour: Skin              |    23 |    57 ||    80
  Dodge: Dodged            |    51 |    41 ||    92

Table legend: (Time is in decaauts)
 A = Elapsed time spent in this place.
 B = Non-inter-level travel time spent in this place.
 C = Inter-level travel time spent in this place.
 D = Time resting spent in this place.
 E = Time spent auto-exploring this place.
 F = Levels seen in this place.
 G = Mean time per level.
                   A        B        C        D        E       F      G
               +--------+--------+--------+--------+--------+-----+--------+
         Total |   2758 |   2669 |     89 |      0 |   2277 |   3 |  919.3 |
       Dungeon |   2758 |   2669 |     89 |      0 |   2277 |   3 |  919.3 |
               +--------+--------+--------+--------+--------+-----+--------+

Top non-repeatable levels by time:
     D:2: 993 daAuts
     D:1: 918 daAuts
     D:3: 846 daAuts
